 Dungeon Crawl Stone Soup version 0.18.1-48-g4cf74bf (webtiles) character file.

751 Inkary the Skirmisher (level 7, -7/64 HPs)
             Began as a Hill Orc Fighter on Aug 27, 2016.
             Was a Follower of Okawaru.
             Splashed by a jelly's acid (12 damage)
             ... on level 5 of the Dungeon.
             The game lasted 00:09:41 (5220 turns).

Inkary the Skirmisher (Hill Orc Fighter)            Turns: 5220, Time: 00:09:44

Health: -7/64      AC:  6    Str: 19    XL:     7   Next: 78%
Magic:  5/7        EV: 11    Int:  8    God:    Okawaru [*.....]
Gold:   225        SH: 12    Dex: 12    Spells: 0 memorised, 6 levels left

rFire  . . .     SeeInvis .     a - +0 war axe
rCold  . . .     Gourm    .     b - +0 scale mail
rNeg   . . .     Faith    .     c - +0 shield
rPois  .         Spirit   .     (no helmet)
rElec  .         Dismiss  .     t - +1 cloak
rCorr  .         Reflect  .     (no gloves)
SustAt .         Harm     +     (no boots)
MR     .....                    o - amulet of harm
Stlth  +.........               (no ring)
                                (no ring)

@: heroism, corroded, not resistant to hostile enchantments, very unstealthy
A: no striking features
a: Heroism, Renounce Religion


You were on level 5 of the Dungeon.
You worshipped Okawaru.
Okawaru was aware of your devotion.
You were not hungry.

You visited 2 branches of the dungeon, and saw 6 of its levels.

You collected 225 gold pieces.

Inventory:

Hand Weapons
 a - a +0 war axe (weapon)
Armour
 b - a +0 scale mail (worn)
 c - a +0 shield (worn)
 t - a +1 cloak (worn)
Jewellery
 o - an amulet of harm (around neck)
Wands
 u - a wand of hasting (4/9)
Scrolls
 e - 5 scrolls of remove curse
Potions
 d - a potion of might
 g - a potion of agility {unknown}
 n - a potion of flight
 p - 3 potions of curing
 r - a potion of brilliance
Books
 s - a book of Callings

   Spells                             Type                      Level
   a - Summon Small Mammal            Summoning                    1
   b - Call Imp                       Summoning                    2
   c - Call Canine Familiar           Summoning                    3
   d - Summon Guardian Golem          Hexes/Summoning              3
   e - Summon Lightning Spire         Summoning/Air                4
   f - Summon Ice Beast               Ice/Summoning                4
Comestibles
 f - 2 bread rations
 h - a meat ration


   Skills:
 + Level 6.8(11.8) Fighting
 + Level 6.6(11.6) Axes
 + Level 4.0(9.0) Armour
 + Level 5.9(10.9) Shields


You had 6 spell levels left.
You didn't know any spells.

Dungeon Overview and Level Annotations

Branches:
Dungeon (5/15)             Temple (1/1) D:4

Altars:
Ashenzari
Cheibriados
Elyvilon
Gozag
Kikubaaqudgha
Makhleb
Nemelex Xobeh
Okawaru
Pakellas
Qazlal
Ru
Sif Muna
Trog
Xom
Yredelemnul
Zin
The Shining One

Annotations:
D:4 Pikel


Message History

You are too injured to fight recklessly!
You are too injured to fight recklessly!
You are too injured to fight recklessly!
You hit the jelly. The acid corrodes you!
Your hands burn!
* * * LOW HITPOINT WARNING * * *
The jelly is heavily wounded.
You block the jelly's attack.
You gain the combat prowess of a mighty hero.
You feel slightly more hungry. The jelly misses you.
You hit the jelly.
Your hands burn!
* * * LOW HITPOINT WARNING * * *
The jelly is severely wounded.
You block the jelly's attack.
You hit the jelly but do no damage.
Your hands burn!
* * * LOW HITPOINT WARNING * * *
The jelly is severely wounded.
The jelly hits you.
* * * LOW HITPOINT WARNING * * *
You are splashed with acid!
The acid burns!
You die...

#.# ... . #.. #.# .#
#.# #.. .# #######
#.!.. #...... ##.#.
####### ... .# #.#
#J# .#..# ###
###@#### #.#.####..
#......# #.....##.#
#.#.##.# #.....##.#
#.#.##.####.....##.#
# #......##.....##.#
####.#.##...(.##..
#.#.......#####
..#.#####.# ####.#
#.#


You could see a jelly.

Vanquished Creatures
  Sigmund (D:3)
  An ogre (D:4)
  An ice beast (D:5)
  4 slaves (D:4)
  A scorpion (D:4)
  2 hounds (D:4)
  Crazy Yiuf (D:3)
  Natasha (thrice) (D:3)
  4 gnolls (D:2)
  9 adders
  2 oozes
  An adder skeleton (D:4)
  3 worms
  A dart slug (D:1)
  4 giant geckos
  2 orcs (D:3)
  4 giant cockroaches
  7 goblins
  4 hobgoblins
  5 jackals
  2 quokkas (D:4)
  5 ball pythons
  13 bats
  5 giant newts
  5 kobolds
  4 rats
94 creatures vanquished.

Notes
Turn   | Place    | Note
--------------------------------------------------------------
     0 | D:1      | Inkary the Hill Orc Fighter began the quest for the Orb.
     0 | D:1      | Reached XP level 1. HP: 19/19 MP: 1/1
   267 | D:1      | Reached XP level 2. HP: 21/27 MP: 2/2
   645 | D:2      | Found a faded altar to an unknown god.
   777 | D:2      | Reached XP level 3. HP: 28/33 MP: 3/3
  1118 | D:2      | Reached XP level 4. HP: 16/41 MP: 4/4
  1950 | D:3      | Reached skill level 5 in Fighting
  1973 | D:3      | Noticed Crazy Yiuf
  1978 | D:3      | Killed Crazy Yiuf
  1978 | D:3      | Reached XP level 5. HP: 25/48 MP: 5/5
  2056 | D:3      | Noticed Sigmund
  2131 | D:3      | Killed Sigmund
  2131 | D:3      | Reached skill level 5 in Axes
  2131 | D:3      | Reached skill level 5 in Shields
  2131 | D:3      | Reached XP level 6. HP: 46/57 MP: 6/6
  2264 | D:3      | Noticed Natasha
  2276 | D:3      | Killed Natasha
  2376 | D:3      | Found a deep blue altar of Sif Muna.
  2430 | D:3      | Found an iron altar of Okawaru.
  2439 | D:3      | Became a worshipper of Warmaster Okawaru
  2788 | D:3      | Noticed Natasha
  2793 | D:3      | Killed Natasha
  2925 | D:3      | Noticed Natasha
  2937 | D:3      | Killed Natasha
  3054 | D:4      | Noticed Pikel
  3055 | D:4      | Noticed a slave
  3056 | D:4      | Noticed a slave
  3056 | D:4      | Noticed a slave
  3056 | D:4      | Noticed a slave
  3244 | D:4      | Found a shattered altar of Ashenzari.
  3308 | D:4      | Reached XP level 7. HP: 63/63 MP: 7/7
  3480 | D:4      | Found a staircase to the Ecumenical Temple.
  3532 | Temple   | Entered the Ecumenical Temple
  3973 | D:4      | Found a glowing golden altar of the Shining One.
  4434 | D:5      | Entered Level 5 of the Dungeon
  5215 | D:5      | Reached * piety under Okawaru
  5220 | D:5      | Splashed by a jelly's acid

Skill      XL: |  1  2  3  4  5  6  7 |
---------------+----------------------+-----
Fighting       | 4 5 6 |  6.8
Axes           | 3 4 5 6 |  6.6
Shields        | 4 5 |  5.9
Armour         | 4 |  4.0

Action                   |  1- 3 |  4- 6 |  7- 9 || total
-------------------------+-------+-------+-------++-------
Melee: War axe           |   129 |   139 |   135 ||   403
Invok: Heroism           |       |       |     1 ||     1
Evoke: Wand              |       |     2 |       ||     2
  Use: Scroll            |       |     5 |     6 ||    11
       Potion            |       |     2 |       ||     2
  Eat: Chunk             |     1 |     7 |     2 ||    10
       Bread ration      |       |       |     1 ||     1
Armor: Scale mail        |    92 |    59 |    56 ||   207
Dodge: Dodged            |    42 |    34 |    35 ||   111
Block: Shield            |    85 |    63 |    75 ||   223
